 Dungeon Crawl Stone Soup version 0.31-a0-319-g4fced400ed (webtiles) character file.

Game seed: 2612611500848341032

65 howech the Chopper (level 3, 0/49 HPs)
             Began as a Minotaur Berserker on July 16, 2023.
             Was a Believer of Trog.
             Slain by a sleepcap (3 damage)
             ... on level 3 of the Dungeon on July 17, 2023.
             The game lasted 00:05:27 (1862 turns).

howech the Chopper (Minotaur Berserker)             Turns: 1862, Time: 00:05:27

Health: 0/49       AC:  2    Str: 21    XL:     3   Next: 92%
Magic:  2/2        EV: 12    Int:  6    God:    Trog [**....]
Gold:   206        SH:  0    Dex:  9    Spells: 2/2 levels left

rFire   . . .        a - +0 hand axe
rCold   . . .        (no shield)
rNeg    . . .        b - +0 animal skin
rPois   .            (helmet restricted)
rElec   .            (no cloak)
rCorr   .            (no gloves)
SInv    .            (no boots)
Will    .....        (no amulet) Stlth
                     (no ring)
HPRegen 0.28/turn    (no ring)
MPRegen 0.08/turn

%: no passive effects
@: berserking, very quick
A: horns 2, retaliatory headbutt
a: Renounce Religion, Berserk, Trog's Hand


You were on level 3 of the Dungeon.
You worshipped Trog.
Trog was pleased with you.
You visited 1 branch of the dungeon, and saw 3 of its levels.

You collected 206 gold pieces.

Inventory:

Hand Weapons
 a - a +0 hand axe (weapon)
Missiles
 l - 3 poisoned darts
Armour
 b - a +0 animal skin (worn)
Jewellery
 h - a ring of flight
Wands
 m - a wand of iceblast (9)
Scrolls
 c - 2 scrolls of enchant armour {unknown}
 d - 3 scrolls of poison {unknown}
 e - 3 scrolls of teleportation {unknown}
 f - 3 scrolls of identify {unknown}
 k - a scroll of vulnerability {unknown}
 n - a scroll of revelation {unknown}
Potions
 g - a potion of magic {unknown}
 i - 2 potions of enlightenment {unknown}
 j - a potion of mutation {unknown}


   Skills:
 + Level 4.1 Fighting
 + Level 4.1 Axes
 + Level 1.0 Throwing
 + Level 3.0 Armour
 + Level 2.6 Dodging
 + Level 1.2 Shields
 + Level 0.8 Evocations


You had 2 spell levels left.
You didn't know any spells.
Your spell library was empty.

Dungeon Overview and Level Annotations

Branches:
Dungeon (3/15)

Altars:

Shops:
D:1 !


Innate Abilities, Weirdness & Mutations

You have a pair of horns on your head.
You reflexively headbutt those who attack you in melee.


Message History

You hit the dart slug.
The dart slug is almost dead.
You hit the dart slug.
The dart slug is almost dead.
The dart slug launches a dart at you. The slug dart hits you.
You hit the dart slug.
You kill the dart slug!
Trog accepts your kill.
n - a scroll labelled GACUAR SYBLOAPAF A sleepcap comes into view.
A quokka comes into view.
The sleepcap closely misses you.
You hit the sleepcap. You headbutt the sleepcap.
The sleepcap is moderately damaged.
The sleepcap barely misses you.
You slash the sleepcap!
The sleepcap is severely damaged.
The sleepcap releases spores at you.
You hit the sleepcap.
The sleepcap is almost destroyed.
The sleepcap barely misses you. The sleepcap releases spores at you.
You hit the sleepcap.
You headbutt the sleepcap, but do no damage.
The sleepcap is almost destroyed.
The sleepcap releases spores at you.
You are engulfed in a cloud of soporific spores!
You fall asleep.
The sleepcap releases spores at you!!
You wake up.
Ouch! That really hurt!
* * * LOW HITPOINT WARNING * * *
Unknown command.
You hit the sleepcap but do no damage. You headbutt the sleepcap.
The sleepcap is almost destroyed.
The sleepcap releases spores at you but does no damage.
Unknown command.
A red film seems to cover your vision as you go berserk!
You feel yourself moving faster!
You feel mighty! The sleepcap releases spores at you.
You die...

.......# #.#.#..
#####.## #.#.#..# #.###
#.#....# #...###.#.##.#
######..##.#.##.#
#.....†.##...##.#
#........#...##.###.#.~
#..[†........##.fr....~
#.......#......@#
#.......##.####.#
#.......##># ....
#.......#### #.....r
#####.#.# #........
#....#.# #........
....####.# #........
.#. #.# #........ # ...


You could see a sleepcap and a quokka.

Vanquished Creatures
  An adder (D:2)
  A worm (D:2)
  3 dart slugs
  7 bats
  6 endoplasms
  A giant cockroach (D:1)
  2 goblins (D:1)
  4 hobgoblins
  3 jackals (D:1)
  5 kobolds
  A quokka (D:3)
  5 ball pythons
  A frilled lizard (D:1)
  3 rats
43 creatures vanquished.

Notes
Turn   | Place    | Note
-------+----------+-------------------------------------------
     0 | D:1      | howech the Minotaur Berserker began the quest for the Orb.
     0 | D:1      | Reached XP level 1. HP: 19/19 MP: 0/0
    40 | D:1      | Reached XP level 2. HP: 24/27 MP: 1/1
   199 | D:1      | Found Ygholo's Distillery.
   315 | D:1      | Reached ** piety under Trog
   425 | D:1      | Reached XP level 3. HP: 32/33 MP: 2/2
   828 | D:1      | Upgraded the game from 0.31-a0-303-gdc8c9485ea to
                  | 0.31-a0-319-g4fced400ed
  1073 | D:2      | Reached skill level 1 in Shields
  1652 | D:3      | Reached skill level 1 in Throwing
  1860 | D:3      | HP: 1/33 [sleepcap (20)]
  1862 | D:3      | Slain by a sleepcap

Illustrated notes

Levels and vault maps discovered:
D:1:      ncdulo_wetmaze, layout_loops_cross, serial_shops,
          nicolae_shop_tiny_real_fake_doors, minmay_crystal_room,
          hangedman_decor_clover_reticule, minmay_gold_behind_fungi,
          chequers_serial_rivers_micro_d
D:2:      layout_basic
D:3:      layout_basic, mainiacjoe_overflow_concentric_impassable,
          hellmonk_ecumenical_altar_pennies_from_heaven,
          chequers_serial_rivers_large_b, nicolae_figureground_sparkle

Skill      XL: |  1  2  3 |
---------------+----------+-----
Fighting       | 4 |  4.1
Shields        | 1 |  1.2
Axes           | 4 |  4.1
Armour         | 3 |  3.0
Throwing       | 1 |  1.0
Dodging        | |  2.6
Evocations     | |  0.8

Action                     || total
---------------------------++-------
  Melee: Hand axe          ||    86
         Headbutt          ||    11
 Invoke: Berserk           ||     1
 Armour: Animal skin       ||    20
  Dodge: Dodged            ||    51

Table legend: (Time is in decaauts)
 A = Elapsed time spent in this place.
 B = Non-inter-level travel time spent in this place.
 C = Inter-level travel time spent in this place.
 D = Time resting spent in this place.
 E = Time spent auto-exploring this place.
 F = Levels seen in this place.
 G = Mean time per level.
                   A        B        C        D        E       F      G
               +--------+--------+--------+--------+--------+-----+--------+
         Total |   1882 |   1857 |     25 |     44 |   1474 |   3 |  627.3 |
       Dungeon |   1882 |   1857 |     25 |     44 |   1474 |   3 |  627.3 |
               +--------+--------+--------+--------+--------+-----+--------+

Top non-repeatable levels by time:
     D:1: 846 daAuts
     D:2: 806 daAuts
     D:3: 230 daAuts
